 Dungeon Crawl Stone Soup version 0.27.1-33-g824d729ab1 (webtiles) character file.

Game seed: 744024258224875283

7 Descartes the Sneak (level 1, 0/9 HPs)
             Began as a Felid Wanderer on Nov 28, 2021.
             Slain by a jackal (1 damage)
             ... on level 1 of the Dungeon.
             The game lasted 00:00:36 (91 turns).

Descartes the Sneak (Felid Wanderer)                  Turns: 91, Time: 00:00:36

Health: 0/9        AC:  1    Str:  9    XL:     1   Next: 83%
Magic:  2/2        EV: 17    Int: 13    God:
Gold:   0          SH:  0    Dex: 14    Spells: 0/0 levels left
                                        Lives:  0   Deaths: 0

rFire    . . .     SeeInvis +     - Unarmed
rCold    . . .     Faith    .   (shield unavailable)
rNeg     . . .     Spirit   .   (armour unavailable)
rPois    .         Reflect  .   (helmet unavailable)
rElec    .         Harm     .   (cloak unavailable)
rCorr    .         Rampage  .   (gloves unavailable)
Will     .....                  (boots unavailable)
Stlth    +++.......             (no amulet)
HPRegen  0.03/turn              (no ring)
MPRegen  0.08/turn              (no ring)

@: quick
A: very small, claws 1, fangs 3, see invisible, speed 1, shaggy fur 1, stealthy
paws, no weapons or thrown items, no armour, multi-lived
a: no special abilities


You were on level 1 of the Dungeon.
You visited 1 branch of the dungeon, and saw 1 of its levels.

Inventory:

Scrolls
 c - 3 scrolls of identify {unknown}
Potions
 a - a potion of lignification
 b - a potion of curing
 d - a potion of brilliance {unknown}


   Skills:
 - Level 1.0 Fighting
 + Level 3.1 Dodging
 - Level 5.3 Stealth
 + Level 2.3 Unarmed Combat
 - Level 1.1 Evocations


You couldn't memorise any spells.
You didn't know any spells.
Your spell library was empty.

Dungeon Overview and Level Annotations

Branches:
Dungeon (1/15)

Altars:


Innate Abilities, Weirdness & Mutations

You have sharp claws.
You have razor-sharp teeth.
You have supernaturally acute eyesight. (SInv)
You cover ground quickly. (Speed+)
You are covered in fur. (AC +1)
Your paws help you pounce on unaware monsters.
You are incapable of wielding weapons or throwing items.
You cannot wear armour.
You gain extra lives every three experience levels.


Message History

The jackal closely misses you.
The jackal barks!
You scratch the jackal.
You kill the jackal!
The jackal bites you.
A rat comes into view.
Your Dodging skill increases to level 3!
You scratch the jackal. Your bite misses the jackal.
The jackal is severely wounded.
The jackal bites you.
You are too injured to fight recklessly!
You are too injured to fight recklessly!
You are too injured to fight recklessly!
You are too injured to fight recklessly!
You are too injured to fight recklessly!
The jackal misses you.
You closely miss the jackal.
The jackal is severely wounded.
The jackal bites you.
You scratch the jackal.
You kill the jackal!
You barely miss the jackal. The jackal misses you.
You scratch the jackal.
You kill the jackal!
You scratch the jackal but do no damage.
Your claw misses the jackal.
A giant cockroach comes into view.
The jackal closely misses you.
You barely miss the jackal. Your bite misses the jackal.
The jackal closely misses you. The jackal bites you.
You closely miss the jackal.
The jackal bites you but does no damage.
You scratch the jackal. Your claw misses the jackal.
The jackal is heavily wounded.
The jackal bites you.
* * * LOW HITPOINT WARNING * * *
You barely miss the jackal.
The jackal is heavily wounded.
The jackal bites you.
You die...

#..###....### ##...#
##.######.########.#
...................#
########.#.#######.#
#.#)# #.# #.#.# #.#
##.#.#######.###
.........##....#
.≈≈≈.≈≈≈rh@....#
≈≈≈≈≈≈≈.B##....#
≈≈≈≈≈≈≈≈.##....#
≈≈≈≈≈≈≈.h##....#
≈≈.♣≈≈≈.r........ ≈.
♣≈≈≈≈.#######.# ≈
♣≈≈≈.≈. ... ≈≈≈≈≈...
#. ≈≈≈≈≈≈....


You could see a jackal, a giant cockroach and a rat.

Vanquished Creatures
  A dart slug (D:1)
  3 jackals (D:1)
4 creatures vanquished.

Notes
Turn   | Place    | Note
-------+----------+-------------------------------------------
     0 | D:1      | Descartes the Felid Wanderer began the quest for the Orb.
     0 | D:1      | Descartes set off with the following items: a potion of
                  | lignification, a potion of curing
     0 | D:1      | Reached XP level 1. HP: 9/9 MP: 2/2
    91 | D:1      | Slain by a jackal

Illustrated notes

Levels and vault maps discovered:
D:1:      elethiomel_arrival_infinity_welcomes_careful_drivers, layout_basic,
          chequers_ecumenical_altar_island

Skill      XL: |  1 |
---------------+----+-----
Dodging        | 3 |  3.1
Fighting       | |  1.0
Stealth        | |  5.3
Unarmed Combat | |  2.3
Evocations     | |  1.1

Action                   || total
-------------------------++-------
Melee: Unarmed           ||    16
 Stab: Sleeping          ||     1
Armor: Skin              ||     1
Dodge: Dodged            ||     6
